Map: New Repugnancy LE

Players

RunaMoK (Losira) - Winner!

  • Race: Terran Terran
  • League: Grandmaster
  • Spawn Location: 7:00

Livibee

  • Race: Zerg Zerg
  • League: Grandmaster
  • Spawn Location: 1:00

VOD

Have the link to the VOD?

Description

Time

  • Played on: Feb. 4, 2019, 1:55 a.m.
  • Length: 9:26
Show
View Real Time Build Order
Export as new Build Order

RunaMoK Terran - Winner!

Build Orders: Reaper Expand, Hellion Banshee 

Get SALT Encoding   

  12  0:03  SCV  
  13  0:15  SCV  
  13  0:19  Supply Depot  
  14  0:27  SCV  
  15  0:40  SCV  
  15  0:42  Barracks  
  16  0:46  Refinery  
  16  0:53  SCV  
  17  1:05  SCV  
  18  1:17  SCV  
  19  1:30  Reaper  
  19  1:31  Orbital Command  
  20  1:41  Command Center  
  20  1:51  Supply Depot  
  20  1:56  SCV  
  21  2:02  Marine  
  22  2:08  SCV  
  22  2:12  Factory  
  23  2:16  Refinery  
  23  2:21  SCV  
  24  2:28  Barracks Reactor  
  24  2:33  SCV  
  25  2:45  SCV  
  26  2:53  Orbital Command  
  26  2:57  SCV  
  27  3:00  Starport  
  27  3:09  SCV  
  27  3:11  Hellion  
  27  3:12  Hellion  
  32  3:20  Barracks Tech Lab  
  32  3:22  SCV  
  32  3:23  SCV  
  34  3:33  Hellion x2  
  38  3:34  SCV  
  38  3:35  SCV  
  40  3:44  Supply Depot  
  40  3:46  SCV  
  40  3:47  Banshee, Barracks Tech Lab, Cloaking Field, SCV  
  45  3:58  SCV  
  46  4:05  SCV  
  46  4:06  Hellion x2  
  46  4:08  Supply Depot  
  51  4:14  SCV  
  51  4:15  Stimpack  
  52  4:17  SCV  
  52  4:21  Marine  
  54  4:30  Command Center, SCV x2  
  56  4:35  Banshee  
  59  4:40  Supply Depot  
  59  4:42  SCV x2  
  59  4:43  Factory Reactor  
  61  4:46  Barracks  
  61  4:48  Barracks  
  61  4:54  SCV  
  62  5:02  SCV  
  62  5:06  SCV  
  64  5:10  Engineering Bay  
  64  5:12  Engineering Bay  
  64  5:14  SCV  
  64  5:15  Supply Depot  
  64  5:18  SCV  
  66  5:26  SCV  
  67  5:30  SCV  
  67  5:32  Starport Reactor  
  66  5:37  Terran Infantry Weapons Level 1  
  66  5:38  SCV  
  66  5:40  Refinery x2, Supply Depot  
  67  5:42  SCV  
  67  5:47  Marine x2  
  67  5:48  Marine x3  
  73  5:50  SCV, Siege Tank  
  73  5:54  Terran Infantry Armor Level 1  
  73  5:55  SCV  
  73  5:56  Barracks  
  78  6:00  Barracks  
  78  6:02  SCV  
  79  6:07  SCV  
  79  6:09  SCV  
  79  6:10  Marine  
  79  6:11  Marine x3  
  84  6:14  SCV  
  84  6:17  Medivac x2, Combat Shield  
  90  6:19  SCV  
  91  6:26  Marine  
  91  6:27  SCV  
  91  6:28  Marine x2, Orbital Command  
  91  6:31  SCV  
  90  6:44  Marine x3  
  90  6:45  Siege Tank  
  96  6:53  SCV x2  
  96  6:54  SCV  
  96  7:01  Orbital Command  
  96  7:04  Barracks Reactor  
  96  7:05  SCV  
  96  7:06  SCV  
  96  7:07  Barracks Reactor  
  91  7:08  Medivac  
  91  7:09  Medivac, Marine x4  
  98  7:18  SCV  
  98  7:22  Marine  
  100  7:23  Factory  
  100  7:27  Siege Tank  
  100  7:29  Supply Depot x2, SCV x2  
  105  7:30  Supply Depot  
  105  7:31  Supply Depot  
  105  7:35  Marine x3  
  108  7:37  SCV  
  108  7:41  SCV x2  
  108  7:43  Armory  
  111  7:45  Refinery  
  111  7:48  Marine x4  
  111  7:49  Marine x2  
  111  7:50  SCV  
  118  7:53  Supply Depot, SCV  
  118  7:55  Supply Depot  
  118  7:56  SCV  
  118  7:58  Supply Depot  
  120  8:02  SCV  
  121  8:09  Marine x4  
  123  8:13  Marine x4  
  123  8:14  Marine  
  127  8:22  Medivac, Factory Tech Lab, Siege Tank  
  127  8:23  Medivac  
  134  8:27  Marine x4  
  134  8:29  Supply Depot  
  134  8:30  Refinery  
  134  8:31  Marine x2  
  134  8:33  Command Center  
  140  8:40  Marine x3  
  140  8:41  Siege Tank  
  146  8:45  Marine x4  
  150  8:53  Marine x2  
  151  9:05  Marine x4  
Show
View Real Time Build Order
Export as new Build Order

Livibee Zerg 

Build Orders: Hatch First 

Get SALT Encoding   

  12  0:01  Drone  
  13  0:13  Overlord  
  13  0:17  Drone  
  14  0:34  Drone x2  
  16  0:36  Drone  
  17  0:53  Hatchery  
  17  0:55  Drone  
  17  1:09  Spawning Pool  
  16  1:12  Drone  
  16  1:16  Extractor  
  16  1:17  Drone  
  17  1:20  Drone  
  18  1:39  Drone  
  19  1:44  Overlord  
  19  1:57  Queen  
  19  1:58  Zergling x2  
  22  2:05  Queen  
  24  2:09  Zergling x2  
  24  2:10  Drone  
  24  2:12  Drone  
  27  2:16  Drone  
  27  2:21  Metabolic Boost  
  28  2:23  Drone  
  29  2:32  Drone  
  29  2:38  Queen  
  31  2:45  Zergling x2  
  31  2:46  Drone  
  33  3:02  Hatchery  
  32  3:07  Queen  
  32  3:11  Overlord  
  34  3:38  Drone x3  
  34  3:39  Drone x3, Overlord  
  40  3:45  Extractor  
  39  3:52  Drone x4  
  39  3:53  Roach Warren  
  42  4:01  Zergling x12  
  47  4:11  Drone  
  48  4:20  Drone  
  48  4:21  Drone x2  
  48  4:22  Drone  
  52  4:24  Queen  
  54  4:34  Roach  
  56  4:45  Drone  
  57  4:59  Baneling Nest  
  54  5:11  Roach  
  54  5:13  Lair  
  55  5:20  Spore Crawler x2  
  51  5:27  Roach x4  
  51  5:28  Queen  
  57  5:36  Spore Crawler  
  57  5:37  Overlord  
  57  5:38  Overlord  
  57  5:42  Baneling x3  
  56  5:44  Drone  
  56  5:46  Overlord x3  
  57  5:55  Queen, Overlord  
  59  5:57  Overlord x2  
  59  5:58  Drone  
  59  6:00  Drone x3  
  63  6:06  Overlord  
  63  6:11  Centrifical Hooks  
  63  6:13  Drone x9  
  63  6:16  Overseer  
  71  6:25  Queen x2  
  71  6:30  Roach x2  
  71  6:31  Queen, Roach  
  83  6:39  Overseer  
  82  6:59  Drone  
  82  7:00  Drone x10  
  85  7:20  Infestation Pit, Extractor  
  83  7:23  Extractor  
  83  7:26  Drone x5  
  83  7:28  Zergling x2  
  88  7:34  Hatchery  
  87  7:38  Drone x3, Extractor x2  
  87  7:42  Drone x3  
  91  7:47  Drone x3  
  91  7:48  Drone  
  95  7:51  Zergling x6  
  95  7:52  Zergling x2  
  95  7:53  Zergling x2  
  100  8:03  Drone  
  101  8:07  Pathogen Glands  
  101  8:11  Baneling x3  
  96  8:17  Zergling x16  
  96  8:18  Zergling x8  
  82  8:29  Zergling x2  
  82  8:30  Zergling x2  
  84  8:35  Hydralisk Den  
  78  8:43  Baneling x5  
  78  8:44  Zergling x4, Baneling  
  78  8:45  Zergling x8  
Tags
 
Add a new tag
Caveats
  • Supply blocks, unpowered buildings, or Contaminate may cause inaccurate times.
  • Supply counts are checked every 10 seconds.